Senators vs Atomiques
Created - February 10, 2020 at 00:47
Goals
|
| Senators |
3 |
2 |
2 |
7 |
| Atomiques |
1 |
0 |
3 |
4 |
|
Shots
|
| Senators |
14 |
13 |
7 |
34 |
| Atomiques |
12 |
18 |
12 |
42 |
|
1st period
1. Senators , Jan Mursak 19 (Matt Frattin 32, Scott Harrington 26) at 4:16
2. Senators , Michal Repik 7 (Jake Evans 2) at 9:56
3. Atomiques , Michael Chaput 18 (Colby Cohen 12) at 11:35 (SH)
4. Senators , Keegan Lowe 2 (Matt Frattin 33, Jan Mursak 13) at 19:13
Penalties :
Michael Latta (STB) for Hooking (Minor) at 0:57, Michael Latta (STB) for Hooking (Minor) at 10:01, Brendan Lemieux (STB) for Roughing (Minor) at 13:12
2nd period
5. Senators , Tomas Jurco 14 (Chandler Stephenson 21) at 1:20 (PP)
6. Senators , Jan Mursak 20 (Matt Frattin 34) at 17:41
Penalties :
Dwight King (STB) for Unsportsmanlike conduct (Minor) at 1:15, Pontus Sjalin (BIN) for Hooking (Minor) at 3:35, Pontus Sjalin (BIN) for Interference (Minor) at 7:17, Tom Wilson (STB) for Interference (Minor) at 11:49
3rd period
7. Senators , Matt Frattin 33 (Jan Mursak 14, Mason Geertsen 6) at 7:41 (PP)
8. Atomiques , Brendan Lemieux 17 (Oscar Sundqvist 20) at 11:06
9. Senators , Matt Frattin 34 (Scott Harrington 27, Zemgus Girgensons 37) at 11:16
10. Atomiques , Corey Tropp 10 (Brendan Lemieux 14, Oscar Sundqvist 21) at 12:06
11. Atomiques , Nicolas Aube-Kubel 4 (Michael Chaput 17, Corey Tropp 14) at 12:55
Penalties :
Corey Tropp (STB) for Hooking (Minor) at 6:30, Nicolas Aube-Kubel (STB) for Slashing (Minor) at 6:52
Goalie Stats
Justin Peters (BIN), 38 saves from 42 shots - (0.905), W, 17-12-2, 60:00 minutes
Connor Hellebyuk (STB), 11 saves from 15 shots - (0.733), 21:20 minutes
Thatcher Demko (STB), 16 saves from 19 shots - (0.842), L, 0-7-0, 38:40 minutes
Players Stats for Senators
Player Name G A P +/- PIM S H SB GA TA FO MP PP MP PK MP
------------------------------------------------------------------------------------
Adam Ollas-Mattsson 0 0 0 0 0 1 0 0 0 2 0/0 22:02 4:22 1:23
Andy Andreoff 0 0 0 -2 0 2 2 0 0 1 1/2 18:28 4:25 1:22
Blake Coleman 0 0 0 -1 0 0 1 0 0 1 1/2 7:09 0:00 0:00
Brett Bulmer 0 0 0 -1 0 0 1 0 0 0 0/0 8:41 0:00 0:00
Chandler Stephenson 0 1 1 -2 0 2 5 0 1 0 5/11 17:13 4:25 0:07
Grant Besse 0 0 0 -1 0 1 0 1 0 0 0/0 7:14 0:00 0:00
Jake Evans 0 1 1 0 0 2 2 0 0 0 3/5 10:57 0:00 0:00
Jan Mursak 2 2 4 4 0 5 3 2 2 1 1/4 23:10 5:57 2:20
Keegan Lowe 1 0 1 0 0 2 1 4 1 3 0/0 32:56 6:00 2:35
Mason Geertsen 0 1 1 2 0 0 0 2 0 2 0/0 22:34 4:22 1:23
Matt Frattin 2 3 5 4 0 8 1 0 1 0 3/6 23:09 5:57 2:19
Maxim Letunov 0 0 0 0 0 0 0 0 0 0 0/0 0:37 0:00 0:00
Michal Repik 1 0 1 1 0 2 1 1 1 0 0/0 2:16 0:00 0:00
Patrick Maroon 0 0 0 0 0 2 0 0 1 0 2/2 12:04 0:00 1:07
Pontus Sjalin 0 0 0 -1 4 0 1 0 0 1 0/0 11:57 0:00 0:00
Scott Harrington 0 2 2 1 0 0 6 1 1 2 0/0 29:17 6:00 2:35
Tomas Jurco 1 0 1 -2 0 4 2 1 2 0 0/0 17:01 4:25 0:00
Warren Foegele 0 0 0 -1 0 0 0 0 0 0 0/0 7:09 0:00 0:00
Zemgus Girgensons 0 1 1 4 0 3 1 0 0 1 21/38 22:06 5:57 0:41
Players Stats for Atomiques
Player Name G A P +/- PIM S H SB GA TA FO MP PP MP PK MP
------------------------------------------------------------------------------------
Anthony Nigro 0 0 0 0 0 3 0 0 0 0 1/1 6:54 0:00 0:00
Bobby Farnham 0 0 0 0 0 3 1 0 0 0 0/0 6:54 0:00 0:00
Brendan Lemieux 1 1 2 1 2 2 2 0 0 0 0/0 14:48 1:47 0:00
Colby Cohen 0 1 1 -1 0 1 4 0 0 1 0/0 27:48 1:35 6:02
Connor Clifton 0 0 0 0 0 0 0 0 0 0 0/0 12:18 0:00 0:00
Corey Tropp 1 1 2 1 2 7 3 0 3 1 0/1 20:56 1:51 5:35
Dalton Smith 0 0 0 0 0 1 0 0 0 0 0/0 8:11 0:04 0:41
Dwight King 0 0 0 -4 2 6 0 2 2 0 2/3 16:41 2:07 0:00
Eric Mestery 0 0 0 0 0 0 3 1 2 2 0/0 21:10 2:23 4:20
Jacob De La Rose 0 0 0 2 0 1 2 1 0 0 0/0 13:07 0:00 2:55
Matt Tennyson 0 0 0 0 0 2 1 2 0 1 0/0 26:50 1:35 6:02
Michael Chaput 1 1 2 2 0 7 2 0 1 1 5/7 14:45 1:47 2:55
Michael Latta 0 0 0 -4 4 4 3 0 3 1 16/42 21:58 2:07 4:07
Nicolas Aube-Kubel 1 0 1 1 2 1 1 0 0 0 2/5 13:07 0:04 2:27
Oscar Sundqvist 0 2 2 1 0 3 2 0 1 1 7/10 14:39 0:00 1:14
Tom Wilson 0 0 0 -4 2 1 1 0 0 0 0/1 16:46 2:07 0:00
Travis Sanheim 0 0 0 -1 0 0 0 1 0 0 0/0 10:22 0:00 0:00
Wiley Sherman 0 0 0 0 0 0 1 0 2 2 0/0 21:28 2:23 4:20
3 Stars
1 - Matt Frattin (BIN)
2 - Jan Mursak (BIN)
3 - Scott Harrington (BIN)
Power Play
Senators - 2 on 7 Attempt(s) - 28.57%
Atomiques - 0 on 2 Attempt(s) - 0.00%
Penalty Kill
Senators - 2 on 2 Attempt(s) - 100.00%
- Score 0 goal in Penalty Kill
Atomiques - 5 on 7 Attempt(s) - 71.43%
- Score 1 goal in Penalty Kill
Team Stat
Senators - Hits : 27 - Faceoff Wins : 37 - Blocked Shots : 12 - Penalty Minutes : 4
Atomiques - Hits : 26 - Faceoff Wins : 33 - Blocked Shots : 7 - Penalty Minutes : 14
Official
Referees : Unknown
Linesman : Unknown
Game Notes
Michal Repik is injured at 12:30 of 1st period (Torn Right ACL)
Thatcher Demko enters game at 1:20 of 2nd period
Matt Tennyson is injured at 13:44 of 3rd period (Strained Right Knee)
Pontus Sjalin is injured at 18:40 of 3rd period (Broken Right Foot Toe)
Finance
Level 1 -- Attendance: 1463 (73.15%) -- Ticket Income $58,520
Level 2 -- Attendance: 679 (67.90%) -- Ticket Income $13,580
Total Attendance: 2142 (71.40%)
Total Ticket Income: $72,100
Other Income: $3,605
Total Income: $75,705
Senators
5 vs 5 Forward
Center Left Wing Right Wing Time % Phy DF OF
1 Zemgus Girgensons Jan Mursak Matt Frattin 40 1 2 2
2 Chandler Stephenson Andy Andreoff Tomas Jurco 30 1 2 2
3 Jake Evans Patrick Maroon Michal Repik 20 1 2 2
4 Blake Coleman Warren Foegele Grant Besse 10 1 2 2
5 vs 5 Defense
Defense Defense Time % Phy DF OF
1 Keegan Lowe Scott Harrington 40 1 2 2
2 Mason Geertsen Adam Ollas-Mattsson 30 1 2 2
3 Pontus Sjalin Keegan Lowe 20 1 2 2
4 Scott Harrington Mason Geertsen 10 1 2 2
PowerPlay Forward
Center Left Wing Right Wing Time % Phy DF OF
1 Zemgus Girgensons Jan Mursak Matt Frattin 60 1 2 2
2 Chandler Stephenson Andy Andreoff Tomas Jurco 40 1 2 2
PowerPlay Defense
Defense Defense Time % Phy DF OF
1 Keegan Lowe Scott Harrington 60 1 2 2
2 Mason Geertsen Adam Ollas-Mattsson 40 1 2 2
Penalty Kill 4 Players Forward
Center Wing Time % Phy DF OF
1 Matt Frattin Jan Mursak 60 1 2 2
2 Andy Andreoff Patrick Maroon 40 1 2 2
Penalty Kill 4 Players Defense
Defense Defense Time % Phy DF OF
1 Keegan Lowe Scott Harrington 60 1 2 2
2 Mason Geertsen Adam Ollas-Mattsson 40 1 2 2
Penalty Kill - 3 Players Forward
Forward Time % Phy DF OF
1 Matt Frattin 60 1 2 2
2 Jan Mursak 40 1 2 2
Penalty Kill - 3 Players Defense
Defense Defense Time % Phy DF OF
1 Keegan Lowe Scott Harrington 60 1 2 2
2 Mason Geertsen Adam Ollas-Mattsson 40 1 2 2
4 vs 4 Forward
Center Wing Time % Phy DF OF
1 Matt Frattin Jan Mursak 60 1 2 2
2 Andy Andreoff Patrick Maroon 40 1 2 2
4 vs 4 Defense
Defense Defense Time % Phy DF OF
1 Keegan Lowe Scott Harrington 60 1 2 2
2 Mason Geertsen Adam Ollas-Mattsson 40 1 2 2
Last Minutes Offensive
Center Left Wing Right Wing Defense Defense
Zemgus Girgensons Jan Mursak Matt Frattin Keegan Lowe Scott Harrington
Last Minutes Defensive
Center Left Wing Right Wing Defense Defense
Zemgus Girgensons Jan Mursak Matt Frattin Keegan Lowe Scott Harrington
Goaltenders
Starting : Justin Peters
Backup : Stephon Williams
Extra Forwards
Normal : Brett Bulmer, Maxim Letunov, Michal Repik - PP : Brett Bulmer, Maxim Letunov - PK : Michal Repik
Extra Defensemen
Normal : Pontus Sjalin, Adam Ollas-Mattsson, Keegan Lowe - PP : Pontus Sjalin - PK : Adam Ollas-Mattsson, Keegan Lowe
Penalty Shots
Matt Frattin, Jan Mursak, Andy Andreoff, Patrick Maroon, Tomas Jurco
Scratches
Dylan Blujus (Healthy), Nick Foligno (Healthy), Jack Dougherty (Healthy), Keven Bouchard (Healthy)
Atomiques
5 vs 5 Forward
Center Left Wing Right Wing Time % Phy DF OF
1 Michael Latta Dwight King Tom Wilson 40 1 2 2
2 Oscar Sundqvist Brendan Lemieux Corey Tropp 30 1 2 2
3 Michael Chaput Jacob De La Rose Nicolas Aube-Kubel 20 1 2 2
4 Anthony Nigro Dalton Smith Bobby Farnham 10 1 2 2
5 vs 5 Defense
Defense Defense Time % Phy DF OF
1 Matt Tennyson Colby Cohen 40 1 2 2
2 Wiley Sherman Eric Mestery 30 1 2 2
3 Travis Sanheim Connor Clifton 20 1 2 2
4 Connor Clifton Matt Tennyson 10 1 2 2
PowerPlay Forward
Center Left Wing Right Wing Time % Phy DF OF
1 Michael Latta Dwight King Tom Wilson 60 1 2 2
2 Michael Chaput Brendan Lemieux Corey Tropp 40 1 2 2
PowerPlay Defense
Defense Defense Time % Phy DF OF
1 Matt Tennyson Colby Cohen 60 1 2 2
2 Wiley Sherman Eric Mestery 40 1 2 2
Penalty Kill 4 Players Forward
Center Wing Time % Phy DF OF
1 Michael Latta Corey Tropp 60 1 2 2
2 Michael Chaput Jacob De La Rose 40 1 2 2
Penalty Kill 4 Players Defense
Defense Defense Time % Phy DF OF
1 Matt Tennyson Colby Cohen 60 1 2 2
2 Wiley Sherman Eric Mestery 40 1 2 2
Penalty Kill - 3 Players Forward
Forward Time % Phy DF OF
1 Michael Latta 60 1 2 2
2 Jacob De La Rose 40 1 2 2
Penalty Kill - 3 Players Defense
Defense Defense Time % Phy DF OF
1 Matt Tennyson Colby Cohen 60 1 2 2
2 Wiley Sherman Eric Mestery 40 1 2 2
4 vs 4 Forward
Center Wing Time % Phy DF OF
1 Michael Latta Tom Wilson 60 1 2 2
2 Oscar Sundqvist Dwight King 40 1 2 2
4 vs 4 Defense
Defense Defense Time % Phy DF OF
1 Matt Tennyson Colby Cohen 60 1 2 2
2 Wiley Sherman Eric Mestery 40 1 2 2
Last Minutes Offensive
Center Left Wing Right Wing Defense Defense
Michael Latta Dwight King Tom Wilson Matt Tennyson Travis Sanheim
Last Minutes Defensive
Center Left Wing Right Wing Defense Defense
Oscar Sundqvist Jacob De La Rose Corey Tropp Matt Tennyson Colby Cohen
Goaltenders
Starting : Connor Hellebyuk
Backup : Thatcher Demko
Extra Forwards
Normal : Brendan Lemieux, Dwight King, Nicolas Aube-Kubel - PP : Nicolas Aube-Kubel, Tom Wilson - PK : Nicolas Aube-Kubel
Extra Defensemen
Normal : Travis Sanheim, Matt Tennyson, Connor Clifton - PP : Travis Sanheim - PK : Colby Cohen, Connor Clifton
Penalty Shots
Tom Wilson, Michael Latta, Dwight King, Corey Tropp, Michael Chaput
Scratches
Mike Halmo (Healthy), Freddie Hamilton (Healthy), Max McCormick (Healthy), Joseph Cramarossa (Healthy), Carl Dahlstrom (Healthy)
Axel Holmstrom (Healthy), Keegan Iverson (Healthy), Andrew Hammond (Healthy)
% Time on Ice - Senators
Lines # - Real PCT - Wanted PCT - Time Play
Normal Forward
1 - 33% - 40% - 14:58
2 - 28% - 30% - 12:36
3 - 24% - 20% - 10:57
4 - 16% - 10% - 7:09
Normal Defense
1 - 41% - 40% - 18:38
2 - 33% - 30% - 15:00
3 - 20% - 20% - 9:20
4 - 6% - 10% - 2:42
PP Forward
1 - 57% - 60% - 5:57
2 - 43% - 40% - 4:25
PP Defense
1 - 58% - 60% - 6:00
2 - 42% - 40% - 4:22
PK Forward
1 - 79% - 60% - 3:07
2 - 21% - 40% - 0:51
PK Defense
1 - 65% - 60% - 2:35
2 - 35% - 40% - 1:23
PK3 Forward
1 - 0% - 60%
2 - 0% - 40%
PK3 Defense
1 - 0% - 60%
2 - 0% - 40%
44 Forward
1 - 0% - 60%
2 - 0% - 40%
44 Defense
1 - 0% - 60%
2 - 0% - 40%
Last Minute Offensive - 0:00
Last Minute Defensive - 0:00
Total
Forward - 60:00
Defense - 60:00
|
% Time on Ice - Atomiques
Lines # - Real PCT - Wanted PCT - Time Play
Normal Forward
1 - 35% - 40% - 15:57
2 - 29% - 30% - 13:11
3 - 21% - 20% - 9:38
4 - 15% - 10% - 6:54
Normal Defense
1 - 45% - 40% - 20:22
2 - 31% - 30% - 13:57
3 - 18% - 20% - 8:23
4 - 6% - 10% - 2:58
PP Forward
1 - 53% - 60% - 2:07
2 - 47% - 40% - 1:51
PP Defense
1 - 40% - 60% - 1:35
2 - 60% - 40% - 2:23
PK Forward
1 - 69% - 60% - 6:38
2 - 31% - 40% - 2:55
PK Defense
1 - 57% - 60% - 5:27
2 - 43% - 40% - 4:06
PK3 Forward
1 - 100% - 60% - 0:49
2 - 0% - 40% - 0:00
PK3 Defense
1 - 71% - 60% - 0:35
2 - 29% - 40% - 0:14
44 Forward
1 - 0% - 60%
2 - 0% - 40%
44 Defense
1 - 0% - 60%
2 - 0% - 40%
Last Minute Offensive - 0:00
Last Minute Defensive - 0:00
Total
Forward - 60:00
Defense - 60:00
|
Play-by-Play
1st period
0:01 of 1st period - Michael Latta wins face-off versus Zemgus Girgensons in neutral zone.
0:10 of 1st period - Wrist shot by Dwight King.
0:10 of 1st period - Deflect By Michael Latta.
0:10 of 1st period - Shot Misses the Net.
0:10 of 1st period - Puck is out of play.
0:11 of 1st period - Oscar Sundqvist wins face-off versus Chandler Stephenson in Senators zone.
0:18 of 1st period - Snap shot by Oscar Sundqvist.
0:18 of 1st period - Stopped by Justin Peters with a rebound.
0:42 of 1st period - Off-side.
0:43 of 1st period - Zemgus Girgensons wins face-off versus Michael Latta in neutral zone.
0:57 of 1st period - Minor Penalty to Michael Latta for Hooking.
0:58 of 1st period - Zemgus Girgensons wins face-off versus Nicolas Aube-Kubel in Atomiques zone.
1:12 of 1st period - Snap shot by Jan Mursak.
1:12 of 1st period - Shot Misses the Net.
1:34 of 1st period - Wrist shot by Tomas Jurco.
1:34 of 1st period - Shot Misses the Net.
1:36 of 1st period - Snap shot by Tomas Jurco.
1:36 of 1st period - Deflect By Oscar Sundqvist.
1:36 of 1st period - Shot Blocked by Eric Mestery.
1:36 of 1st period - Puck is out of play.
1:37 of 1st period - Oscar Sundqvist wins face-off versus Chandler Stephenson in Atomiques zone.
2:34 of 1st period - Colby Cohen is hit by Jan Mursak and loses puck.
2:57 of 1st period - Penalty to Michael Latta is over, Michael Latta is back on ice.
2:57 of 1st period - Oscar Sundqvist is hit by Andy Andreoff.
3:00 of 1st period - Icing by Michael Latta.
3:01 of 1st period - Patrick Maroon wins face-off versus Oscar Sundqvist in Atomiques zone.
3:16 of 1st period - Snap shot by Michael Latta.
3:16 of 1st period - Shot Misses the Net.
3:34 of 1st period - Slapshot by Michael Chaput.
3:34 of 1st period - Stopped by Justin Peters with a rebound.
4:16 of 1st period - Snap shot by Jan Mursak.
4:16 of 1st period - Goal by Jan Mursak - Senators : 1 - Atomiques : 0.
4:17 of 1st period - Zemgus Girgensons wins face-off versus Corey Tropp in neutral zone.
4:43 of 1st period - Icing by Colby Cohen.
4:44 of 1st period - Blake Coleman wins face-off versus Michael Latta in Atomiques zone.
4:47 of 1st period - Slapshot by Grant Besse.
4:47 of 1st period - Shot Misses the Net.
4:53 of 1st period - Wrist shot by Michael Latta.
4:53 of 1st period - Stopped by Justin Peters with a rebound.
4:59 of 1st period - Wrist shot by Tom Wilson.
4:59 of 1st period - Shot Blocked by Keegan Lowe.
6:24 of 1st period - Wrist shot by Andy Andreoff.
6:24 of 1st period - Stopped by Connor Hellebyuk with a rebound.
6:34 of 1st period - Michal Repik is hit by Michael Chaput.
6:42 of 1st period - Snap shot by Michael Chaput.
6:42 of 1st period - Stopped by Justin Peters without a rebound.
6:43 of 1st period - Chandler Stephenson wins face-off versus Michael Latta in Senators zone.
7:22 of 1st period - Michal Repik is hit by Brendan Lemieux and loses puck.
8:06 of 1st period - Slapshot by Matt Frattin.
8:06 of 1st period - Stopped by Connor Hellebyuk without a rebound.
8:07 of 1st period - Chandler Stephenson wins face-off versus Dwight King in Atomiques zone.
8:08 of 1st period - Snap shot by Tomas Jurco.
8:08 of 1st period - Shot Blocked by Travis Sanheim.
9:02 of 1st period - Travis Sanheim is hit by Scott Harrington and loses puck.
9:17 of 1st period - Wrist shot by Tomas Jurco.
9:17 of 1st period - Shot Blocked by Jacob De La Rose.
9:19 of 1st period - Snap shot by Tomas Jurco.
9:19 of 1st period - Stopped by Connor Hellebyuk without a rebound.
9:20 of 1st period - Dwight King wins face-off versus Chandler Stephenson in Atomiques zone.
9:48 of 1st period - Snap shot by Zemgus Girgensons.
9:48 of 1st period - Stopped by Connor Hellebyuk without a rebound.
9:49 of 1st period - Patrick Maroon wins face-off versus Oscar Sundqvist in Atomiques zone.
9:52 of 1st period - Snap shot by Michal Repik.
9:52 of 1st period - Stopped by Connor Hellebyuk without a rebound.
9:53 of 1st period - Jake Evans wins face-off versus Michael Latta in Atomiques zone.
9:56 of 1st period - Snap shot by Michal Repik.
9:56 of 1st period - Goal by Michal Repik - Senators : 2 - Atomiques : 0.
9:57 of 1st period - Zemgus Girgensons wins face-off versus Michael Latta in neutral zone.
10:01 of 1st period - Minor Penalty to Michael Latta for Hooking.
10:02 of 1st period - Nicolas Aube-Kubel wins face-off versus Zemgus Girgensons in Atomiques zone.
10:02 of 1st period - Nicolas Aube-Kubel is hit by Matt Frattin.
10:38 of 1st period - Snap shot by Andy Andreoff.
10:38 of 1st period - Stopped by Connor Hellebyuk with a rebound.
10:56 of 1st period - Backhand shot by Wiley Sherman.
10:56 of 1st period - Shot Misses the Net.
11:30 of 1st period - Tomas Jurco is hit by Matt Tennyson and loses puck.
11:35 of 1st period - Backhand shot by Michael Chaput.
11:35 of 1st period - Goal by Michael Chaput - Senators : 2 - Atomiques : 1.
11:36 of 1st period - Zemgus Girgensons wins face-off versus Nicolas Aube-Kubel in neutral zone.
11:39 of 1st period - Snap shot by Matt Frattin.
11:39 of 1st period - Shot Misses the Net.
11:45 of 1st period - Wrist shot by Zemgus Girgensons.
11:45 of 1st period - Stopped by Connor Hellebyuk with a rebound.
11:47 of 1st period - Snap shot by Jan Mursak.
11:47 of 1st period - Deflect By Zemgus Girgensons.
11:47 of 1st period - Shot Blocked by Matt Tennyson.
11:47 of 1st period - Puck is out of play.
11:48 of 1st period - Nicolas Aube-Kubel wins face-off versus Jan Mursak in Atomiques zone.
12:01 of 1st period - Penalty to Michael Latta is over, Michael Latta is back on ice.
12:13 of 1st period - Michael Latta is hit by Michal Repik and loses puck.
12:30 of 1st period - Wrist shot by Michael Latta.
12:30 of 1st period - Deflect By Michal Repik.
12:30 of 1st period - Shot Blocked by Michal Repik.
12:30 of 1st period - Michal Repik from Senators is injured at 12:30 of 1st period (Torn Right ACL).
12:31 of 1st period - Michael Latta wins face-off versus Zemgus Girgensons in Senators zone.
12:40 of 1st period - Snap shot by Dwight King.
12:40 of 1st period - Stopped by Justin Peters with a rebound.
12:42 of 1st period - Snap shot by Dwight King.
12:42 of 1st period - Shot Blocked by Jan Mursak.
12:56 of 1st period - Tomas Jurco is hit by Oscar Sundqvist and loses puck.
13:12 of 1st period - Minor Penalty to Brendan Lemieux for Roughing.
13:13 of 1st period - Zemgus Girgensons wins face-off versus Michael Latta in Atomiques zone.
13:17 of 1st period - Snap shot by Jan Mursak.
13:17 of 1st period - Shot Misses the Net.
13:19 of 1st period - Slapshot by Matt Frattin.
13:19 of 1st period - Stopped by Connor Hellebyuk with a rebound.
13:21 of 1st period - Wrist shot by Zemgus Girgensons.
13:21 of 1st period - Shot Misses the Net.
13:23 of 1st period - Snap shot by Jan Mursak.
13:23 of 1st period - Shot Misses the Net.
13:40 of 1st period - Icing by Andy Andreoff.
13:41 of 1st period - Michael Chaput wins face-off versus Andy Andreoff in Senators zone.
15:12 of 1st period - Penalty to Brendan Lemieux is over, Brendan Lemieux is back on ice.
15:32 of 1st period - Snap shot by Michael Chaput.
15:32 of 1st period - Shot Misses the Net.
15:34 of 1st period - Wrist shot by Michael Chaput.
15:34 of 1st period - Stopped by Justin Peters with a rebound.
15:36 of 1st period - Snap shot by Jacob De La Rose.
15:36 of 1st period - Shot Misses the Net.
15:38 of 1st period - Snap shot by Brendan Lemieux.
15:38 of 1st period - Stopped by Justin Peters with a rebound.
15:40 of 1st period - Slapshot by Colby Cohen.
15:40 of 1st period - Stopped by Justin Peters without a rebound.
15:41 of 1st period - Anthony Nigro wins face-off versus Zemgus Girgensons in Senators zone.
16:28 of 1st period - Brendan Lemieux is hit by Tomas Jurco.
16:50 of 1st period - Snap shot by Dalton Smith.
16:50 of 1st period - Stopped by Justin Peters with a rebound.
16:52 of 1st period - Snap shot by Bobby Farnham.
16:52 of 1st period - Shot Misses the Net.
17:04 of 1st period - Snap shot by Jan Mursak.
17:04 of 1st period - Shot Hit the Post.
17:12 of 1st period - Snap shot by Jan Mursak.
17:12 of 1st period - Stopped by Connor Hellebyuk with a rebound.
17:42 of 1st period - Wiley Sherman is hit by Chandler Stephenson.
17:50 of 1st period - Wrist shot by Tomas Jurco.
17:50 of 1st period - Stopped by Connor Hellebyuk with a rebound.
18:49 of 1st period - Wrist shot by Dwight King.
18:49 of 1st period - Stopped by Justin Peters with a rebound.
18:55 of 1st period - Wiley Sherman is hit by Scott Harrington and loses puck.
19:03 of 1st period - Icing by Michael Latta.
19:04 of 1st period - Chandler Stephenson wins face-off versus Michael Latta in Atomiques zone.
19:11 of 1st period - Snap shot by Matt Frattin.
19:11 of 1st period - Stopped by Connor Hellebyuk with a rebound.
19:13 of 1st period - Snap shot by Keegan Lowe.
19:13 of 1st period - Goal by Keegan Lowe - Senators : 3 - Atomiques : 1.
19:14 of 1st period - Zemgus Girgensons wins face-off versus Michael Latta in neutral zone.
19:24 of 1st period - Icing by Colby Cohen.
19:25 of 1st period - Zemgus Girgensons wins face-off versus Michael Latta in Atomiques zone.
19:46 of 1st period - Snap shot by Dwight King.
19:46 of 1st period - Stopped by Justin Peters with a rebound.
19:48 of 1st period - Slapshot by Colby Cohen.
19:48 of 1st period - Shot Misses the Net.
Goals for this period are 3 for Senators vs 1 for Atomiques.
Shots for this period are 14 for Senators vs 12 for Atomiques.
2nd period
0:01 of 2nd period - Michael Latta wins face-off versus Zemgus Girgensons in neutral zone.
0:08 of 2nd period - Slapshot by Michael Latta.
0:08 of 2nd period - Stopped by Justin Peters with a rebound.
0:10 of 2nd period - Snap shot by Tom Wilson.
0:10 of 2nd period - Stopped by Justin Peters without a rebound.
0:11 of 2nd period - Oscar Sundqvist wins face-off versus Zemgus Girgensons in Senators zone.
0:20 of 2nd period - Wrist shot by Corey Tropp.
0:20 of 2nd period - Deflect By Jan Mursak.
0:20 of 2nd period - Stopped by Justin Peters without a rebound.
0:21 of 2nd period - Zemgus Girgensons wins face-off versus Oscar Sundqvist in Senators zone.
0:26 of 2nd period - Snap shot by Jan Mursak.
0:26 of 2nd period - Shot Misses the Net.
1:08 of 2nd period - Slapshot by Corey Tropp.
1:08 of 2nd period - Stopped by Justin Peters with a rebound.
1:10 of 2nd period - Snap shot by Corey Tropp.
1:10 of 2nd period - Deflect By Oscar Sundqvist.
1:10 of 2nd period - Shot Misses the Net.
1:10 of 2nd period - Puck is out of play.
1:11 of 2nd period - Michael Latta wins face-off versus Chandler Stephenson in Senators zone.
1:15 of 2nd period - Minor Penalty to Dwight King for Unsportsmanlike conduct.
1:16 of 2nd period - Chandler Stephenson wins face-off versus Michael Latta in Atomiques zone.
1:20 of 2nd period - Snap shot by Tomas Jurco.
1:20 of 2nd period - Goal by Tomas Jurco - Senators : 4 - Atomiques : 1.
1:20 of 2nd period - Thatcher Demko enters game.
1:21 of 2nd period - Zemgus Girgensons wins face-off versus Michael Latta in neutral zone.
1:24 of 2nd period - Snap shot by Matt Frattin.
1:24 of 2nd period - Shot Blocked by Dwight King.
1:26 of 2nd period - Snap shot by Matt Frattin.
1:26 of 2nd period - Stopped by Thatcher Demko with a rebound.
1:36 of 2nd period - Wrist shot by Matt Frattin.
1:36 of 2nd period - Stopped by Thatcher Demko without a rebound.
1:37 of 2nd period - Chandler Stephenson wins face-off versus Michael Chaput in Atomiques zone.
2:16 of 2nd period - Off-side.
2:17 of 2nd period - Michael Latta wins face-off versus Jan Mursak in neutral zone.
2:44 of 2nd period - Patrick Maroon is hit by Corey Tropp and loses puck.
2:51 of 2nd period - Oscar Sundqvist is hit by Brett Bulmer and loses puck.
3:12 of 2nd period - Backhand shot by Michael Chaput.
3:12 of 2nd period - Shot Blocked by Mason Geertsen.
3:14 of 2nd period - Snap shot by Jacob De La Rose.
3:14 of 2nd period - Shot Misses the Net.
3:35 of 2nd period - Minor Penalty to Pontus Sjalin for Hooking.
3:36 of 2nd period - Matt Frattin wins face-off versus Michael Latta in Senators zone.
4:58 of 2nd period - Keegan Lowe is hit by Michael Chaput and loses puck.
5:35 of 2nd period - Penalty to Pontus Sjalin is over, Pontus Sjalin is back on ice.
6:21 of 2nd period - Brendan Lemieux is hit by Chandler Stephenson and loses puck.
7:09 of 2nd period - Wrist shot by Michael Latta.
7:09 of 2nd period - Stopped by Justin Peters with a rebound.
7:17 of 2nd period - Minor Penalty to Pontus Sjalin for Interference.
7:18 of 2nd period - Michael Latta wins face-off versus Matt Frattin in Senators zone.
7:32 of 2nd period - Off-side.
7:33 of 2nd period - Andy Andreoff wins face-off versus Michael Latta in neutral zone.
8:14 of 2nd period - Slapshot by Matt Tennyson.
8:14 of 2nd period - Stopped by Justin Peters without a rebound.
8:15 of 2nd period - Michael Chaput wins face-off versus Matt Frattin in Senators zone.
8:16 of 2nd period - Slapshot by Corey Tropp.
8:16 of 2nd period - Stopped by Justin Peters without a rebound.
8:17 of 2nd period - Michael Chaput wins face-off versus Matt Frattin in Senators zone.
8:20 of 2nd period - Wrist shot by Corey Tropp.
8:20 of 2nd period - Stopped by Justin Peters without a rebound.
8:21 of 2nd period - Matt Frattin wins face-off versus Michael Chaput in Senators zone.
8:21 of 2nd period - Matt Frattin is hit by Eric Mestery.
9:17 of 2nd period - Penalty to Pontus Sjalin is over, Pontus Sjalin is back on ice.
9:32 of 2nd period - Grant Besse is hit by Colby Cohen and loses puck.
9:53 of 2nd period - Off-side.
9:54 of 2nd period - Oscar Sundqvist wins face-off versus Jake Evans in neutral zone.
10:07 of 2nd period - Slapshot by Oscar Sundqvist.
10:07 of 2nd period - Shot Blocked by Scott Harrington.
10:21 of 2nd period - Michael Latta is hit by Keegan Lowe and loses puck.
10:43 of 2nd period - Jan Mursak is hit by Colby Cohen and loses puck.
11:22 of 2nd period - Oscar Sundqvist is hit by Scott Harrington and loses puck.
11:31 of 2nd period - Wrist shot by Oscar Sundqvist.
11:31 of 2nd period - Stopped by Justin Peters without a rebound.
11:32 of 2nd period - Zemgus Girgensons wins face-off versus Michael Latta in Senators zone.
11:32 of 2nd period - Zemgus Girgensons is hit by Tom Wilson.
11:49 of 2nd period - Minor Penalty to Tom Wilson for Interference.
11:50 of 2nd period - Zemgus Girgensons wins face-off versus Michael Latta in Atomiques zone.
12:36 of 2nd period - Snap shot by Michael Chaput.
12:36 of 2nd period - Shot Misses the Net.
12:46 of 2nd period - Wrist shot by Jan Mursak.
12:46 of 2nd period - Stopped by Thatcher Demko without a rebound.
12:47 of 2nd period - Jan Mursak wins face-off versus Michael Latta in Atomiques zone.
13:10 of 2nd period - Matt Tennyson is hit by Chandler Stephenson and loses puck.
13:49 of 2nd period - Penalty to Tom Wilson is over, Tom Wilson is back on ice.
14:18 of 2nd period - Wrist shot by Michael Chaput.
14:18 of 2nd period - Shot Misses the Net.
14:24 of 2nd period - Michael Chaput is hit by Pontus Sjalin and loses puck.
15:09 of 2nd period - Wrist shot by Michael Latta.
15:09 of 2nd period - Stopped by Justin Peters without a rebound.
15:10 of 2nd period - Michael Latta wins face-off versus Zemgus Girgensons in Senators zone.
15:13 of 2nd period - Slapshot by Dwight King.
15:13 of 2nd period - Shot Blocked by Jan Mursak.
15:19 of 2nd period - Michael Latta is hit by Scott Harrington.
15:35 of 2nd period - Snap shot by Michael Chaput.
15:35 of 2nd period - Shot Blocked by Keegan Lowe.
15:37 of 2nd period - Snap shot by Matt Tennyson.
15:37 of 2nd period - Shot Blocked by Tomas Jurco.
15:39 of 2nd period - Wrist shot by Michael Chaput.
15:39 of 2nd period - Stopped by Justin Peters without a rebound.
15:40 of 2nd period - Oscar Sundqvist wins face-off versus Zemgus Girgensons in Senators zone.
15:55 of 2nd period - Snap shot by Matt Frattin.
15:55 of 2nd period - Stopped by Thatcher Demko with a rebound.
16:14 of 2nd period - Dwight King is hit by Andy Andreoff.
16:18 of 2nd period - Snap shot by Dwight King.
16:18 of 2nd period - Stopped by Justin Peters without a rebound.
16:19 of 2nd period - Michael Chaput wins face-off versus Jake Evans in Senators zone.
16:32 of 2nd period - Slapshot by Jake Evans.
16:32 of 2nd period - Stopped by Thatcher Demko with a rebound.
16:34 of 2nd period - Slapshot by Adam Ollas-Mattsson.
16:34 of 2nd period - Stopped by Thatcher Demko without a rebound.
16:35 of 2nd period - Michael Latta wins face-off versus Zemgus Girgensons in Atomiques zone.
16:40 of 2nd period - Eric Mestery is hit by Zemgus Girgensons and loses puck.
16:45 of 2nd period - Backhand shot by Matt Frattin.
16:45 of 2nd period - Shot Blocked by Dwight King.
16:47 of 2nd period - Wrist shot by Matt Frattin.
16:47 of 2nd period - Shot Misses the Net.
16:49 of 2nd period - Wrist shot by Jan Mursak.
16:49 of 2nd period - Stopped by Thatcher Demko with a rebound.
16:51 of 2nd period - Snap shot by Keegan Lowe.
16:51 of 2nd period - Deflect By Michael Latta.
16:51 of 2nd period - Stopped by Thatcher Demko with a rebound.
17:01 of 2nd period - Scott Harrington is hit by Eric Mestery and loses puck.
17:31 of 2nd period - Snap shot by Jake Evans.
17:31 of 2nd period - Stopped by Thatcher Demko with a rebound.
17:33 of 2nd period - Wrist shot by Adam Ollas-Mattsson.
17:33 of 2nd period - Deflect By Patrick Maroon.
17:33 of 2nd period - Stopped by Thatcher Demko without a rebound.
17:34 of 2nd period - Zemgus Girgensons wins face-off versus Michael Latta in Atomiques zone.
17:41 of 2nd period - Wrist shot by Jan Mursak.
17:41 of 2nd period - Deflect By Dwight King.
17:41 of 2nd period - Goal by Jan Mursak - Senators : 5 - Atomiques : 1.
17:42 of 2nd period - Zemgus Girgensons wins face-off versus Michael Latta in neutral zone.
18:19 of 2nd period - Snap shot by Oscar Sundqvist.
18:19 of 2nd period - Stopped by Justin Peters with a rebound.
18:21 of 2nd period - Wrist shot by Eric Mestery.
18:21 of 2nd period - Deflect By Corey Tropp.
18:21 of 2nd period - Stopped by Justin Peters without a rebound.
18:22 of 2nd period - Jake Evans wins face-off versus Nicolas Aube-Kubel in Senators zone.
18:29 of 2nd period - Wrist shot by Michael Chaput.
18:29 of 2nd period - Shot Blocked by Mason Geertsen.
18:31 of 2nd period - Snap shot by Jacob De La Rose.
18:31 of 2nd period - Stopped by Justin Peters with a rebound.
18:33 of 2nd period - Slapshot by Michael Chaput.
18:33 of 2nd period - Stopped by Justin Peters with a rebound.
18:35 of 2nd period - Slapshot by Michael Chaput.
18:35 of 2nd period - Shot Misses the Net.
18:37 of 2nd period - Wrist shot by Nicolas Aube-Kubel.
18:37 of 2nd period - Deflect By Michael Chaput.
18:37 of 2nd period - Deflect By Adam Ollas-Mattsson.
18:37 of 2nd period - Shot Misses the Net.
18:37 of 2nd period - Puck is out of play.
18:38 of 2nd period - Zemgus Girgensons wins face-off versus Tom Wilson in Senators zone.
18:38 of 2nd period - Zemgus Girgensons is hit by Michael Latta.
18:51 of 2nd period - Off-side.
18:52 of 2nd period - Dwight King wins face-off versus Zemgus Girgensons in neutral zone.
19:17 of 2nd period - Corey Tropp is hit by Chandler Stephenson and loses puck.
19:43 of 2nd period - Slapshot by Anthony Nigro.
19:43 of 2nd period - Stopped by Justin Peters with a rebound.
19:45 of 2nd period - Slapshot by Wiley Sherman.
19:45 of 2nd period - Shot Misses the Net.
19:47 of 2nd period - Slapshot by Anthony Nigro.
19:47 of 2nd period - Stopped by Justin Peters with a rebound.
19:59 of 2nd period - Snap shot by Patrick Maroon.
19:59 of 2nd period - Stopped by Thatcher Demko with a rebound.
Goals for this period are 2 for Senators vs 0 for Atomiques.
Shots for this period are 13 for Senators vs 18 for Atomiques.
3rd period
0:01 of 3rd period - Michael Latta wins face-off versus Zemgus Girgensons in neutral zone.
0:47 of 3rd period - Snap shot by Michael Chaput.
0:47 of 3rd period - Shot Misses the Net.
1:20 of 3rd period - Snap shot by Anthony Nigro.
1:20 of 3rd period - Deflect By Dalton Smith.
1:20 of 3rd period - Shot Blocked by Grant Besse.
1:20 of 3rd period - Puck is out of play.
1:21 of 3rd period - Michael Latta wins face-off versus Jan Mursak in Senators zone.
1:30 of 3rd period - Snap shot by Zemgus Girgensons.
1:30 of 3rd period - Stopped by Thatcher Demko with a rebound.
1:32 of 3rd period - Snap shot by Zemgus Girgensons.
1:32 of 3rd period - Shot Misses the Net.
2:09 of 3rd period - Wrist shot by Nicolas Aube-Kubel.
2:09 of 3rd period - Shot Misses the Net.
2:19 of 3rd period - Slapshot by Michael Chaput.
2:19 of 3rd period - Stopped by Justin Peters with a rebound.
3:06 of 3rd period - Wrist shot by Tomas Jurco.
3:06 of 3rd period - Shot Misses the Net.
3:08 of 3rd period - Wrist shot by Chandler Stephenson.
3:08 of 3rd period - Stopped by Thatcher Demko with a rebound.
3:18 of 3rd period - Tomas Jurco is hit by Oscar Sundqvist and loses puck.
4:09 of 3rd period - Wiley Sherman is hit by Tomas Jurco.
4:34 of 3rd period - Dalton Smith is hit by Chandler Stephenson.
4:40 of 3rd period - Snap shot by Anthony Nigro.
4:40 of 3rd period - Deflect By Bobby Farnham.
4:40 of 3rd period - Stopped by Justin Peters without a rebound.
4:41 of 3rd period - Michael Latta wins face-off versus Zemgus Girgensons in Senators zone.
4:54 of 3rd period - Snap shot by Michael Latta.
4:54 of 3rd period - Shot Blocked by Keegan Lowe.
5:54 of 3rd period - Nicolas Aube-Kubel is hit by Jan Mursak and loses puck.
6:01 of 3rd period - Wrist shot by Jan Mursak.
6:01 of 3rd period - Deflect By Zemgus Girgensons.
6:01 of 3rd period - Shot Misses the Net.
6:01 of 3rd period - Puck is out of play.
6:02 of 3rd period - Jake Evans wins face-off versus Michael Latta in Atomiques zone.
6:17 of 3rd period - Slapshot by Dwight King.
6:17 of 3rd period - Shot Misses the Net.
6:30 of 3rd period - Minor Penalty to Corey Tropp for Hooking.
6:31 of 3rd period - Zemgus Girgensons wins face-off versus Michael Latta in Atomiques zone.
6:52 of 3rd period - Minor Penalty to Nicolas Aube-Kubel for Slashing.
6:53 of 3rd period - Zemgus Girgensons wins face-off versus Michael Latta in Atomiques zone.
7:02 of 3rd period - Snap shot by Jan Mursak.
7:02 of 3rd period - Shot Misses the Net.
7:18 of 3rd period - Colby Cohen is hit by Scott Harrington and loses puck.
7:27 of 3rd period - Wrist shot by Chandler Stephenson.
7:27 of 3rd period - Stopped by Thatcher Demko without a rebound.
7:28 of 3rd period - Michael Latta wins face-off versus Zemgus Girgensons in Atomiques zone.
7:41 of 3rd period - Snap shot by Matt Frattin.
7:41 of 3rd period - Goal by Matt Frattin - Senators : 6 - Atomiques : 1.
7:42 of 3rd period - Zemgus Girgensons wins face-off versus Michael Latta in neutral zone.
7:45 of 3rd period - Colby Cohen is hit by Jan Mursak and loses puck.
8:08 of 3rd period - Tomas Jurco is hit by Jacob De La Rose and loses puck.
8:52 of 3rd period - Penalty to Nicolas Aube-Kubel is over, Nicolas Aube-Kubel is back on ice.
9:26 of 3rd period - Dalton Smith is hit by Blake Coleman and loses puck.
9:45 of 3rd period - Snap shot by Dwight King.
9:45 of 3rd period - Stopped by Justin Peters without a rebound.
9:46 of 3rd period - Michael Latta wins face-off versus Zemgus Girgensons in Senators zone.
10:12 of 3rd period - Snap shot by Grant Besse.
10:12 of 3rd period - Stopped by Thatcher Demko without a rebound.
10:13 of 3rd period - Michael Chaput wins face-off versus Blake Coleman in Atomiques zone.
10:41 of 3rd period - Wrist shot by Keegan Lowe.
10:41 of 3rd period - Shot Misses the Net.
11:06 of 3rd period - Snap shot by Brendan Lemieux.
11:06 of 3rd period - Goal by Brendan Lemieux - Senators : 6 - Atomiques : 2.
11:07 of 3rd period - Zemgus Girgensons wins face-off versus Michael Latta in neutral zone.
11:16 of 3rd period - Slapshot by Scott Harrington.
11:16 of 3rd period - Deflect By Matt Frattin.
11:16 of 3rd period - Goal by Matt Frattin - Senators : 7 - Atomiques : 2.
11:17 of 3rd period - Michael Latta wins face-off versus Zemgus Girgensons in neutral zone.
11:32 of 3rd period - Snap shot by Dwight King.
11:32 of 3rd period - Stopped by Justin Peters without a rebound.
11:33 of 3rd period - Oscar Sundqvist wins face-off versus Chandler Stephenson in Senators zone.
11:42 of 3rd period - Slapshot by Corey Tropp.
11:42 of 3rd period - Stopped by Justin Peters without a rebound.
11:43 of 3rd period - Oscar Sundqvist wins face-off versus Chandler Stephenson in Senators zone.
11:50 of 3rd period - Slapshot by Oscar Sundqvist.
11:50 of 3rd period - Shot Misses the Net.
11:52 of 3rd period - Snap shot by Corey Tropp.
11:52 of 3rd period - Shot Blocked by Keegan Lowe.
11:54 of 3rd period - Slapshot by Matt Tennyson.
11:54 of 3rd period - Stopped by Justin Peters with a rebound.
12:04 of 3rd period - Slapshot by Brendan Lemieux.
12:04 of 3rd period - Shot Misses the Net.
12:06 of 3rd period - Wrist shot by Corey Tropp.
12:06 of 3rd period - Goal by Corey Tropp - Senators : 7 - Atomiques : 3.
12:07 of 3rd period - Zemgus Girgensons wins face-off versus Michael Latta in neutral zone.
12:12 of 3rd period - Wrist shot by Matt Frattin.
12:12 of 3rd period - Shot Misses the Net.
12:32 of 3rd period - Chandler Stephenson is hit by Corey Tropp and loses puck.
12:41 of 3rd period - Snap shot by Andy Andreoff.
12:41 of 3rd period - Shot Misses the Net.
12:55 of 3rd period - Slapshot by Nicolas Aube-Kubel.
12:55 of 3rd period - Goal by Nicolas Aube-Kubel - Senators : 7 - Atomiques : 4.
12:56 of 3rd period - Michael Latta wins face-off versus Zemgus Girgensons in neutral zone.
13:21 of 3rd period - Chandler Stephenson is hit by Brendan Lemieux and loses puck.
13:44 of 3rd period - Slapshot by Jake Evans.
13:44 of 3rd period - Shot Blocked by Matt Tennyson.
13:44 of 3rd period - Matt Tennyson from Atomiques is injured at 13:44 of 3rd period (Strained Right Knee).
13:45 of 3rd period - Zemgus Girgensons wins face-off versus Michael Latta in Atomiques zone.
13:52 of 3rd period - Wrist shot by Matt Frattin.
13:52 of 3rd period - Shot Misses the Net.
14:12 of 3rd period - Andy Andreoff is hit by Colby Cohen.
14:38 of 3rd period - Backhand shot by Brett Bulmer.
14:38 of 3rd period - Shot Misses the Net.
15:14 of 3rd period - Matt Frattin is hit by Wiley Sherman and loses puck.
15:58 of 3rd period - Colby Cohen is hit by Jake Evans.
16:04 of 3rd period - Patrick Maroon is hit by Corey Tropp and loses puck.
16:17 of 3rd period - Zemgus Girgensons is hit by Jacob De La Rose and loses puck.
17:04 of 3rd period - Warren Foegele is hit by Eric Mestery and loses puck.
17:21 of 3rd period - Wrist shot by Anthony Nigro.
17:21 of 3rd period - Stopped by Justin Peters with a rebound.
17:23 of 3rd period - Snap shot by Bobby Farnham.
17:23 of 3rd period - Stopped by Justin Peters with a rebound.
17:25 of 3rd period - Snap shot by Bobby Farnham.
17:25 of 3rd period - Stopped by Justin Peters without a rebound.
17:26 of 3rd period - Michael Latta wins face-off versus Zemgus Girgensons in Senators zone.
17:33 of 3rd period - Zemgus Girgensons is hit by Michael Latta and loses puck.
18:00 of 3rd period - Oscar Sundqvist is hit by Scott Harrington and loses puck.
18:19 of 3rd period - Patrick Maroon is hit by Bobby Farnham and loses puck.
18:26 of 3rd period - Anthony Nigro is hit by Jake Evans and loses puck.
18:39 of 3rd period - Pontus Sjalin is hit by Colby Cohen.
18:40 of 3rd period - Pontus Sjalin from Senators is injured at 18:40 of 3rd period (Broken Right Foot Toe).
18:41 of 3rd period - Matt Frattin wins face-off versus Michael Latta in Senators zone.
18:54 of 3rd period - Slapshot by Keegan Lowe.
18:54 of 3rd period - Shot Misses the Net.
19:12 of 3rd period - Wrist shot by Tomas Jurco.
19:12 of 3rd period - Stopped by Thatcher Demko with a rebound.
19:28 of 3rd period - Mason Geertsen is hit by Nicolas Aube-Kubel and loses puck.
19:56 of 3rd period - Mason Geertsen is hit by Michael Latta.
Goals for this period are 2 for Senators vs 3 for Atomiques.
Shots for this period are 7 for Senators vs 12 for Atomiques.
Back to the Top